 Dungeon Crawl Stone Soup version 0.22-a0-430-g6609fc6 (webtiles) character file.

557 MisterFreud the Spear-Bearer (level 7, -3/50 HPs)
             Began as a Merfolk Gladiator on May 26, 2018.
             Slain by Prince Ribbit (12 damage)
             ... on level 5 of the Dungeon.
             The game lasted 00:07:31 (3823 turns).

MisterFreud the Spear-Bearer (Merfolk Gladiator)    Turns: 3823, Time: 00:07:32

Health: -3/50      AC:  4    Str: 20    XL:     7   Next: 30%
Magic:  0/7        EV: 14    Int:  9    God:
Gold:   187        SH:  5    Dex: 15    Spells: 6/6 levels left

rFire    . . .     SeeInvis .   a - +0 trident
rCold    . . .     Gourm    .   t - +0 buckler
rNeg     . . .     Faith    .   b - +0 leather armour
rPois    +         Spirit   +   c - +0 helmet
rElec    .         Reflect  .   (no cloak)
rCorr    .         Harm     .   (no gloves)
MR       .....                  (no boots)
Stlth    +.........             D - amulet of guardian spirit
HPRegen  0.16/turn              (no ring)
MPRegen  0.10/turn              (no ring)

@: mighty
A: change form in water, swift swim, stealthy swim, poison resistance
a: no special abilities


You were on level 5 of the Dungeon.
You were hungry.

You visited 1 branch of the dungeon, and saw 5 of its levels.

You collected 187 gold pieces.

Inventory:

Hand Weapons
 a - a +0 trident (weapon)
Missiles
 d - 5 throwing nets (quivered)
 i - 3 tomahawks
 p - 83 stones
Armour
 b - a +0 leather armour (worn)
 c - a +0 helmet (worn)
 t - a +0 buckler (worn)
Jewellery
 m - an uncursed amulet of magic regeneration
 o - a +2 amulet of reflection
 q - an uncursed amulet of the gourmand
 v - an uncursed ring of fire
 D - an amulet of guardian spirit (around neck)
 I - an uncursed ring of see invisible {unknown}
Scrolls
 e - 2 scrolls of amnesia {unknown}
 h - 4 scrolls of teleportation {unknown}
 j - 3 scrolls of identify {unknown}
 k - a scroll of blinking {unknown}
 l - a scroll of immolation {unknown}
 s - 2 scrolls of enchant armour {unknown}
 y - a scroll of fog {unknown}
 F - a scroll of noise {unknown}
 H - a scroll of fear {unknown}
 J - a scroll of random uselessness {unknown}
Potions
 n - 2 potions of lignification {unknown}
 r - 4 potions of curing {unknown}
 u - 2 potions of agility {unknown}
 w - a potion of mutation
 x - a potion of berserk rage {unknown}
 A - a potion of resistance {unknown}
 B - a potion of invisibility {unknown}
 C - a potion of brilliance {unknown}
 E - a potion of flight {unknown}
 G - a potion of magic {unknown}
Comestibles
 f - 12 rations
 K - a chunk of flesh


   Skills:
 - Level 2.1 Fighting
 * Level 10.0 Polearms
 - Level 2.0 Throwing
 - Level 4.0 Dodging
 - Level 4.0 Shields


You had 6 spell levels left.
You didn't know any spells.
Your spell library was empty.

Dungeon Overview and Level Annotations

Branches:
Dungeon (5/15)
 Temple: D:4-7

Altars:

Annotations:
D:5 Prince Ribbit


Innate Abilities, Weirdness & Mutations

You revert to your normal form in water.
You are very nimble and swift while swimming.
You are very stealthy in the water. (Stealth+)
Your system is resistant to poisons. (rPois)


Message History

You puncture Prince Ribbit!
Prince Ribbit is moderately wounded.
The leopard gecko barely misses you. Prince Ribbit hits you!
You closely miss Prince Ribbit.
Prince Ribbit is moderately wounded.
The leopard gecko barely misses you.
Prince Ribbit blinks!
You completely miss the leopard gecko. The leopard gecko barely misses you.
You barely miss the leopard gecko. The leopard gecko closely misses you.
You puncture Prince Ribbit!
Prince Ribbit is heavily wounded.
Prince Ribbit hits you!
* * * LOW HITPOINT WARNING * * *
The leopard gecko bites you.
* * * LOW HITPOINT WARNING * * *
Okay, then.
You puncture Prince Ribbit!
Prince Ribbit is severely wounded.
Prince Ribbit asks, "Just a little smooch?"
Prince Ribbit hits you!
You die...

.!.F...........
####.#...#.#...
#.##.##.#
#..ยง....#
#########.####
#####....# #.#
#...#.##.# #.#
#.#.#.##.####.#
#.#.#.##..F@l.#
#.....#########
#####.### #<#
##...#.#####.#
..............#
....###########
##


You could see Prince Ribbit and a leopard gecko.

Vanquished Creatures
  Blork the orc (D:4)
  A scorpion (D:4)
  An orc wizard (D:3)
  3 orc priests
  3 iguanas
  2 worker ants
  A gnoll (D:3)
  7 adders
  3 oozes
  An adder skeleton (D:4)
  2 worms
  A dart slug (D:1)
  2 leopard geckos
  11 orcs
  9 bats
  7 giant cockroaches
  7 goblins
  8 hobgoblins
  6 jackals
  11 kobolds
  A quokka (D:4)
  6 frilled lizards
  8 rats
102 creatures vanquished.

Notes
Turn   | Place    | Note
-------+----------+-------------------------------------------
     0 | D:1      | MisterFreud the Merfolk Gladiator began the quest for the Orb.
     0 | D:1      | Reached XP level 1. HP: 16/16 MP: 1/1
    75 | D:1      | Reached skill level 5 in Polearms
    83 | D:1      | Reached XP level 2. HP: 22/22 MP: 2/2
   251 | D:1      | Reached skill level 6 in Polearms
   251 | D:1      | Reached XP level 3. HP: 19/27 MP: 3/3
   791 | D:2      | Gained mutation: Your system is resistant to poisons. (rPois) [potion of mutation]
   791 | D:2      | Gained mutation: You evolve. [potion of mutation]
  1031 | D:2      | Reached skill level 7 in Polearms
  1031 | D:2      | Reached XP level 4. HP: 31/33 MP: 4/4
  1854 | D:3      | Reached skill level 1 in Shields
  1918 | D:3      | Reached XP level 5. HP: 38/38 MP: 5/5
  1935 | D:3      | Reached skill level 8 in Polearms
  2432 | D:4      | Noticed an ogre
  2461 | D:4      | Noticed Blork the orc
  2475 | D:4      | Killed Blork the orc
  2475 | D:4      | Reached XP level 6. HP: 27/44 MP: 3/6
  2743 | D:3      | Reached skill level 9 in Polearms
  3197 | D:4      | Lost mutation: You evolve. [evolution]
  3332 | D:4      | Reached XP level 7. HP: 50/50 MP: 7/7
  3759 | D:4      | Reached skill level 10 in Polearms
  3770 | D:5      | Entered Level 5 of the Dungeon
  3800 | D:5      | Noticed Prince Ribbit
  3823 | D:5      | Slain by Prince Ribbit

Vault maps used:
D:1:      tarquinn_simple_flora_water_a, corexii_hall_statues_t
D:2:      first_ration
D:4:      uniq_blork_the_orc
D:5:      serial_shops, shop, uniq_prince_ribbit1

Skill      XL: |  1  2  3  4  5  6  7 |
---------------+----------------------+-----
Polearms       | 5 6 7 8 9 10 | 10.0
Shields        | 1 2 3 4 |  4.0
Fighting       | |  2.1
Throwing       | |  2.0
Dodging        | |  4.0

Action                   |  1- 3 |  4- 6 |  7- 9 || total
-------------------------+-------+-------+-------++-------
Melee: Trident           |   101 |   220 |    49 ||   370
  Use: Potion            |     2 |       |     2 ||     4
 Stab: Sleeping          |     2 |     3 |     1 ||     6
       Distracted        |       |     1 |     1 ||     2
  Eat: Chunk             |       |     8 |     1 ||     9
Armor: Leather armour    |    18 |    29 |     6 ||    53
Dodge: Dodged            |    61 |    71 |    22 ||   154
Block: Other             |     1 |     1 |       ||     2
       Buckler           |       |    27 |     5 ||    32
       Reflection        |       |     1 |       ||     1

Table legend:
 A = Spawn XP
 B = Non-spawn XP
 C = Spawn XP percentage of total XP
 D = Spawn monster count
 E = Non-spawn monster count
 F = Spawn count percentage of total count
 G = Total turns spent on level
                    A         B        C        D         E        F      G
               +---------+---------+-------+---------+---------+-------+---------
         Total |       0 |     796 |   0.0 |       0 |     102 |   0.0 |  3823
               +---------+---------+-------+---------+---------+-------+---------
           D:1 |       0 |      49 |   0.0 |       0 |      29 |   0.0 |   727
           D:2 |       0 |      73 |   0.0 |       0 |      23 |   0.0 |   831
           D:3 |       0 |     293 |   0.0 |       0 |      28 |   0.0 |  1368
           D:4 |       0 |     381 |   0.0 |       0 |      22 |   0.0 |   844
               +---------+---------+-------+---------+---------+-------+---------
